 Dungeon Crawl Stone Soup version 0.17-a0-2027-gcac42c4 (webtiles) character file.

30 BarneyGumball the Ruffian (level 3, 23/30 (31) HPs)
             Began as a Ghoul Monk on Oct 6, 2015.
             Quit the game on level 2 of the Dungeon on Oct 10, 2015.
             The game lasted 00:04:31 (1238 turns).

BarneyGumball the Ruffian (Ghoul Monk)              Turns: 1238, Time: 00:04:31

HP:   23/30 (31)    AC:  2    Str: 14    XL:     3   Next: 20%
MP:   2/2           EV: 12    Int:  5    God:
Gold: 86            SH:  0    Dex: 12    Spells: 0 memorised, 2 levels left

rFire  . . .     SeeInvis .       - Unarmed
rCold  + . .     Clarity  .     j - +0 robe (curse)
rNeg   + + +     SustAt   .     (no shield)
rPois  ∞         Gourm    .     (no helmet)
rElec  .         Spirit   .     (no cloak)
rCorr  .         Warding  .     (no gloves)
rMut   .         Stasis   .     (no boots)
MR     .....                    (no amulet)
Stlth  ++........               (no ring)
                                (no ring)

@: rotting, not resistant to hostile enchantments, unstealthy
A: rotting body, claws 1, carnivore 3, cold resistance 1, negative energy
resistance 3, slow regeneration 1, torment resistance, unbreathing
a: no special abilities


You were on level 2 of the Dungeon.
You were not hungry.

You visited 1 branch of the dungeon, and saw 2 of its levels.

You collected 86 gold pieces.

Inventory:

Missiles
 k - 3 needles of slowing
Armour
 j - a cursed +0 robe (worn)
Scrolls
 c - a scroll of amnesia {unknown}
 d - 3 scrolls of teleportation {unknown}
 e - a scroll of identify {unknown}
 i - a scroll of remove curse {unknown}
Potions
 f - a potion of curing {unknown}
 g - 3 potions of heal wounds {unknown}
 h - a potion of cancellation {unknown}
Comestibles
 a - 2 beef jerkies
 b - 2 meat rations
 l - a chunk of flesh


   Skills:
 - Level 3.2 Fighting
 - Level 2.6 Dodging
 - Level 2.1 Stealth
 + Level 5.5 Unarmed Combat


You had 2 spell levels left.
You didn't know any spells.

Dungeon Overview and Level Annotations

Branches:
Dungeon (2/15)

Altars:
Sif Muna


Innate Abilities, Weirdness & Mutations

Your body is rotting away.
You thrive on raw meat.
You are immune to poison.
You have sharp fingernails.
You are carnivorous and can eat meat at any time.
Your flesh is cold resistant.
You are immune to negative energy.
You regenerate slowly when monsters are visible.
You are immune to unholy pain and torment.
You can survive without breathing.


Message History

No target in view!
There is an open door here.
You see here a giant newt corpse.
The giant gecko barely misses you.
You closely miss the giant gecko.
The giant gecko bites you but does no damage.
You scratch the giant gecko but do no damage.
The giant gecko barely misses you.
You miss the giant gecko. The giant gecko bites you.
You miss the giant gecko. The giant gecko bites you.
You claw the giant gecko!
You kill the giant gecko!
Eat a chunk of flesh? (ye/n/q/i?) Eat which item? (? for menu, Esc to quit)
Okay, then.
Welcome back, BarneyGumball the Ghoul Monk.
Press ? for a list of commands and other information.
Welcome back, BarneyGumball the Ghoul Monk.
Press ? for a list of commands and other information.
Are you sure you want to abandon this character and quit the game? (Confirm with "yes".)

#.#####.....>.)....(####.#### #.#
######.########.......# #.# #.#
#.#..##.# #.# ##+## #.#..##.#
#.#### ##$..## #.#..##.# ###....#
##.....## #.#.....### .......#
##.......## #...##..#..
##.....###.........####.......#.#
#........†......@..+.............
#.....####.........####...##.##.#
#..#.## ##).....$## ##.###.##.#
#..### ##.....## ## #.##.# ...#
##..%## #.##.. #.## ##+## #.####
#.# ####### .#. #.# ##≈≈≈≈≈## # #
#.# #≈≈≈≈≈≈≈#


There were no monsters in sight!

Vanquished Creatures
  3 giant geckos
  5 bats
  3 giant cockroaches (D:1)
  3 goblins
  2 kobolds (D:1)
  3 ball pythons
  2 giant newts
  6 rats
27 creatures vanquished.

Notes
Turn   | Place    | Note
--------------------------------------------------------------
     0 | D:1      | BarneyGumball the Ghoul Monk began the quest for the Orb.
     0 | D:1      | Reached XP level 1. HP: 19/19 MP: 0/0
   236 | D:1      | Reached XP level 2. HP: 13/26 MP: 1/1
   333 | D:1      | Reached skill level 5 in Unarmed Combat
  1065 | D:2      | Reached XP level 3. HP: 30/30 MP: 2/2
  1184 | D:2      | Found a deep blue altar of Sif Muna.
  1238 | D:2      | Upgraded the game from 0.17-a0-1987-gaf5a542 to 0.17-a0-2006-g94b6906
  1238 | D:2      | Upgraded the game from 0.17-a0-2006-g94b6906 to 0.17-a0-2027-gcac42c4
  1238 | D:2      | Quit the game

Vault maps used:
D:1:      ncdulo_wetmaze
D:2:      grunt_gozag_statues, led_sif_pool

Action                   || total
-------------------------++-------
Melee: Unarmed           ||    73
 Stab: Sleeping          ||     4
  Eat: Chunk             ||    11
